 Dungeon Crawl Stone Soup version 0.26.1-11-gd32895ea62 (webtiles) character file.

Game seed: 5773388813922462091

9 lizzyelune the Stinger (level 2, 0/11 HPs)
             Began as a Felid Venom Mage on July 10, 2021.
             Succumbed to an adder's poison
             ... on level 2 of the Dungeon.
             The game lasted 00:02:25 (275 turns).

lizzyelune the Stinger (Felid Venom Mage)            Turns: 275, Time: 00:02:26

Health: 0/11       AC:  1    Str:  4    XL:     2   Next: 6%
Magic:  0/6        EV: 18    Int: 16    God:
Gold:   0          SH:  0    Dex: 16    Spells: 4/5 levels left
                                        Lives:  0   Deaths: 0

rFire    . . .     SeeInvis +   (weapon unavailable)
rCold    . . .     Faith    .   (shield unavailable)
rNeg     . . .     Spirit   .   (armour unavailable)
rPois    .         Reflect  .   (helmet unavailable)
rElec    .         Harm     .   (cloak unavailable)
rCorr    .         Rampage  .   (gloves unavailable)
Will     .....                  (boots unavailable)
Stlth    +++.......             (no amulet)
HPRegen  0.03/turn              (no ring)
MPRegen  0.10/turn              (no ring)

@: lethally poisoned (0 -> -7), quick
A: very small, no armour, no weapons or thrown items, stealth, claws 1, fangs 3,
see invisible, speed 1, shaggy fur 1, sharp paws
a: no special abilities


You were on level 2 of the Dungeon.
You visited 1 branch of the dungeon, and saw 2 of its levels.

You aren't carrying anything.


   Skills:
 + Level 2.8 Dodging
 + Level 2.8 Stealth
 + Level 2.1 Spellcasting
 + Level 1.1 Transmutations
 + Level 3.0 Poison Magic


You had 4 spell levels left.
You knew the following spells:

 Your Spells              Type           Power        Failure   Level
a - Sting                 Tmut/Pois      32%          9%          1

Your spell library contained the following spells:

 Spells                   Type           Power        Failure   Level
 Poisonous Vapours        Pois/Air       12%          17%         2
 Ignite Poison            Fire/Tmut/Pois 6%           34%         3
 Mephitic Cloud           Conj/Pois/Air  4%           38%         3
 Olgreb's Toxic Radiance  Pois           11%          50%         4


Dungeon Overview and Level Annotations

Branches:
Dungeon (1/15)

Altars:

Annotations:
D:2 Robin, Terence


Innate Abilities, Weirdness & Mutations

You cannot wear armour.
You are incapable of wielding weapons or throwing items.
Your paws allow you to move quietly. (Stealth)
You have sharp claws.
You have razor-sharp teeth.
You have supernaturally acute eyesight. (SInv)
You cover ground quickly.
You are covered in fur. (AC +1)
Your sharp claws are effective at attacking unaware monsters.


Message History

Aim: a goblin (strong, 40% to evade)
Okay, then.
Aiming: Sting (safe; 9% risk of failure)
Press: ? - help, Q - select action Shift-Dir - straight line, f - Terence
Aim: Terence, wielding a +0 mace and wearing a +0 chain mail (23% to evade)
The sting misses Terence.
The goblin closely misses you.
Aiming: Sting (safe; 9% risk of failure)
Press: ? - help, Q - select action Shift-Dir - straight line, f/p - Terence
Aim: Terence, wielding a +0 mace and wearing a +0 chain mail (23% to evade)
The sting hits Terence but does no damage.
Terence is poisoned.
The goblin barely misses you.
Aiming: Sting (safe; 9% risk of failure)
Press: ? - help, Q - select action Shift-Dir - straight line, f/p - Terence
Aim: Terence, wielding a +0 mace and wearing a +0 chain mail (lightly wounded, poisoned, 23% to evade)
The sting hits Terence but does no damage.
Terence looks even sicker.
Terence is lightly wounded.
You die...

#...ggg.#
....gg..#
...g...# ...g...
..... #.g#
#########gg# . #
......@@ggg#
..#.##########.#
...........# #.#
##.##..##.# #.#
#.......#.# #.#
#.!..##...#.###.#
###.###...#.....#
...<.....#######
#######..#


You could see Terence (very poisoned), a hobgoblin (strong) and 5 goblins.

Vanquished Creatures
  An adder (D:2)
  A frilled lizard (D:1)
2 creatures vanquished.

Notes
Turn   | Place    | Note
-------+----------+-------------------------------------------
     0 | D:1      | lizzyelune the Felid Venom Mage began the quest for the
                  | Orb.
     0 | D:1      | Reached XP level 1. HP: 7/7 MP: 4/4
   241 | D:1      | You fall into a shaft and drop 1 floor!
   265 | D:2      | Noticed Robin
   266 | D:2      | Noticed Terence
   273 | D:2      | Reached skill level 3 in Poison Magic
   273 | D:2      | Reached XP level 2. HP: 1/11 MP: 3/6
   275 | D:2      | Succumbed to an adder's poison

Illustrated notes

Levels and vault maps discovered:
D:1:      eino_arrival_cavern_e, layout_basic, minmay_hedge_maze,
          corexii_hall_statues_t, minmay_misc_feat_more_columns
D:2:      layout_basic, uniq_robin, uniq_terence

Skill      XL: |  1 |
---------------+----+-----
Poison Magic   | 3 |  3.0
Dodging        | |  2.8
Stealth        | |  2.8
Spellcasting   | |  2.1
Transmutations | |  1.1

Action                   || total
-------------------------++-------
Melee: Unarmed           ||     5
 Cast: Sting             ||     8
  Use: Scroll            ||     1
Dodge: Dodged            ||     8
